 Dungeon Crawl Stone Soup version 0.29.1-13-g9f3cf754e1 (webtiles) character file.

Game seed: 16411982805253889156

1333 booth the Stinger (level 8, 0/58 HPs)
             Began as a Demonspawn Venom Mage on Jan 24, 2023.
             Killed from afar by an orc wizard (9 damage)
             ... with a magic dart
             ... on level 5 of the Dungeon on Jan 25, 2023.
             The game lasted 00:39:49 (5173 turns).

booth the Stinger (Demonspawn Venom Mage)           Turns: 5173, Time: 00:39:49

Health: 0/58       AC:  5    Str:  8    XL:     8   Next: 34%
Magic:  9/14       EV: 13    Int: 19    God:
Gold:   149        SH:  0    Dex: 14    Spells: 5/15 levels left

rFire   . . .      SeeInvis .   t - +3 woodcutter's axe {vorpal}
rCold   . . .      Faith    .   (shield currently unavailable)
rNeg    . . .      Spirit   .   a - +0 robe
rPois   .          Reflect  .   (no helmet)
rElec   .          Harm     .   (no cloak)
rCorr   .          Rampage  .   (no gloves)
Will    .....                   (no boots)
Stlth   +++.......              m - amulet of regeneration
HPRegen 0.99/turn               (no ring)
MPRegen 0.28/turn               (no ring)

@: no status effects
A: molten scales 2, magic regeneration, demonic touch 1
a: no special abilities


You were on level 5 of the Dungeon.
You visited 1 branch of the dungeon, and saw 5 of its levels.

You collected 149 gold pieces.

Inventory:

Hand Weapons
 c - a +0 mace of protection
 f - a +0 war axe
 t - the +3 woodcutter's axe (weapon) {vorpal}
   (You found it on level 3 of the Dungeon)

   It inflicts extra damage upon your enemies.
Missiles
 d - 47 stones
 r - 5 silver boomerangs
Armour
 a - a +0 robe (worn)
 e - a +0 leather armour
 x - an orb of guile
Magical Staves
 l - a staff of poison
Jewellery
 m - an amulet of regeneration (around neck)
Wands
 v - a wand of iceblast (10)
Scrolls
 i - a scroll of fear {unknown}
 j - 2 scrolls of teleportation
 q - a scroll of summoning {unknown}
 y - a scroll of vulnerability {unknown}
Potions
 b - a potion of magic
 h - a potion of flight
 o - a potion of heal wounds
 p - 3 potions of attraction
 s - a potion of mutation
 w - a potion of might


   Skills:
 + Level 3.3 Fighting
 + Level 3.2(3.4) Axes
 - Level 1.2(2.4) Maces & Flails
 + Level 4.1 Dodging
 + Level 4.1 Stealth
 + Level 4.3 Spellcasting
 * Level 6.0 Conjurations
 + Level 3.4 Transmutations
 * Level 5.0 Air Magic
 * Level 7.8 Poison Magic


You had 5 spell levels left.
You knew the following spells:

 Your Spells              Type           Power      Damage    Failure   Level
a - Sting                 Tmut/Pois      100%       1d8       1%          1
b - Poisonous Vapours     Pois/Air       56%        N/A       1%          2
c - Mephitic Cloud        Conj/Pois/Air  28%        N/A       3%          3
d - Olgreb's Toxic Radia  Pois           33%        N/A       5%          4

Your spell library contained the following spells:

 Spells                   Type           Power      Damage    Failure   Level
 Gell's Gravitas          Tloc           4%         N/A       38%         3
 Lesser Beckoning         Tloc           4%         N/A       38%         3
 Teleport Other           Tloc           4%         N/A       38%         3


Dungeon Overview and Level Annotations

Branches:
Dungeon (5/15)
 Temple: D:4-7

Altars:


Innate Abilities, Weirdness & Mutations

You are mostly covered in molten scales. (AC +3)
You regenerate magic rapidly.
Your touch may inflict minor irresistible damage on your foes.


Message History

* * * LOW HITPOINT WARNING * * *
You feel much better. Something hits you but does no damage.
You closely miss the orc. You completely miss something.
The orc closely misses you. Something hits you. Space warps around you.
The orc hits you with a +0 war axe. Something barely misses you.
You completely miss something. You closely miss the orc.
You feel less confused. The orc closely misses you.
You hear some strange, mumbled words.
You are confused.
You bump into the rock wall.
The orc hits you but does no damage. Something hits you but does no damage.
Space warps horribly around you!
* * * LOW HITPOINT WARNING * * *
You slash the orc!
You kill the orc!
You barely miss something. Something hits you.
* * * LOW HITPOINT WARNING * * *
It was a potion of experience.
You feel more experienced!
Your Fighting skill gained 3 levels and is now at level 3!
Your Axes skill gained 3 levels and is now at level 3!
Your Dodging skill gained 2 levels and is now at level 4!
Your Stealth skill gained 2 levels and is now at level 4!
Your Spellcasting skill gained 2 levels and is now at level 4!
Your Conjurations skill gained 3 levels and is now at level 6!
Your Transmutations skill gained 2 levels and is now at level 3!
Your Air Magic skill gained 3 levels and is now at level 5!
Your Poison Magic skill gained 2 levels and is now at level 7!
You have reached level 8!
You feel agile.
Your demonic ancestry asserts itself...
Your magic begins to regenerate rapidly.
Something hits you.
* * * LOW HITPOINT WARNING * * *
Space warps around you.
* * * LOW HITPOINT WARNING * * *
You bump into the rock wall.
Something hits you but does no damage.
You blink.
You feel less confused.
A magic dart appears from out of thin air!
The magic dart hits you!
You die...

#.#..# # #######
..#.#. #. #.....#
..... #.######.###.#
#...
#........###.##.#
#J..
#..#)...{...@##.####
#... ..o
#..........#.#.. #.
) #.#######....#.#
####. #.#
####......# #....
#.# #......>..# #
#.### #.#
#.#####..##.###.#.#
#.#
#.##......†.....#.#
..#
#.##.###.########.#
### #.##.#
#..........#


There were no monsters in sight!

Vanquished Creatures
  A black bear (D:4)
  2 necrophages (D:5)
  3 hounds
  An orc priest (D:4)
  A jelly (D:4)
  Ijyb (D:3)
  Jessica (D:2)
  Terence (D:2)
  2 orc wizards
  4 gnolls
  8 adders
  3 worms
  2 dart slugs
  5 orcs
  6 ball pythons
  5 endoplasms
  5 giant cockroaches
  2 goblins
  5 hobgoblins
  10 kobolds
  5 quokkas
  6 bats
  3 frilled lizards (D:2)
  5 rats
  A bush (D:2)
88 creatures vanquished.

Vanquished Creatures (others)
  A plant (D:2)
1 creature vanquished.

Grand Total: 89 creatures vanquished

Notes
Turn   | Place    | Note
-------+----------+-------------------------------------------
     0 | D:1      | booth the Demonspawn Venom Mage began the quest for the
                  | Orb.
     0 | D:1      | Reached XP level 1. HP: 13/13 MP: 3/3
   496 | D:1      | Gained mutation: You are partially covered in molten
                  | scales. (AC +2) [demonic ancestry]
   496 | D:1      | Reached XP level 2. HP: 11/19 MP: 0/5
   499 | D:1      | Learned a level 2 spell: Poisonous Vapours
  1290 | D:1      | Gained mutation: Your touch may inflict minor irresistible
                  | damage on your foes. [demonic ancestry]
  1290 | D:1      | Reached XP level 3. HP: 19/24 MP: 4/6
  1389 | D:1      | Learned a level 3 spell: Mephitic Cloud
  1453 | D:2      | Reached skill level 4 in Poison Magic
  1745 | D:2      | Noticed Jessica
  1750 | D:2      | Killed Jessica
  1751 | D:2      | Reached skill level 1 in Transmutations
  1939 | D:2      | Reached XP level 4. HP: 30/30 MP: 5/7
  2084 | D:2      | Noticed Terence
  2108 | D:2      | Killed Terence
  2392 | D:2      | Found a faded altar of an unknown god.
  2848 | D:3      | Reached XP level 5. HP: 35/35 MP: 4/8
  3028 | D:3      | Reached skill level 1 in Maces & Flails
  3237 | D:3      | Noticed Ijyb
  3260 | D:3      | Killed Ijyb
  3261 | D:3      | Reached skill level 1 in Air Magic
  3515 | D:3      | Found the +3 woodcutter's axe {vorpal}
  3777 | D:4      | Reached skill level 1 in Conjurations
  3957 | D:4      | Reached skill level 5 in Poison Magic
  4038 | D:4      | Reached XP level 6. HP: 40/41 MP: 9/9
  4043 | D:4      | Learned a level 4 spell: Olgreb's Toxic Radiance
  4773 | D:5      | Entered Level 5 of the Dungeon
  4915 | D:5      | Gained mutation: You are mostly covered in molten scales.
                  | (AC +3) [demonic ancestry]
  4915 | D:5      | Reached XP level 7. HP: 46/47 MP: 9/11
  5168 | D:5      | Reached skill level 5 in Air Magic
  5168 | D:5      | Reached skill level 7 in Poison Magic
  5168 | D:5      | Gained mutation: You regenerate magic rapidly. [demonic
                  | ancestry]
  5168 | D:5      | Reached XP level 8. HP: 8/58 MP: 7/14
  5173 | D:5      | Killed from afar by an orc wizard

Illustrated notes

Levels and vault maps discovered:
D:1:      dpeg_arrival_prison, layout_basic, bh_walls_and_bars
D:2:      layout_rooms, serial_forest, infiniplex_forest_lined_corner,
          infiniplex_forest_zigzag_1, infiniplex_forest_straight_3,
          infiniplex_forest_lined_3, infiniplex_forest_lined_2,
          infiniplex_forest_clump_diagonal, infiniplex_forest_zigzag_1,
          infiniplex_forest_corner_1, infiniplex_forest_lined_3,
          infiniplex_forest_end_2, hellmonk_ecumenical_altar_leap_of_faith,
          uniq_terence, uniq_jessica
D:3:      layout_loops_corners, uniq_ijyb
D:4:      layout_basic
D:5:      layout_basic, minmay_crystal_water

Skill      XL: |  1  2  3  4  5  6  7 |
---------------+----------------------+-----
Poison Magic   | 4 5 7 |  7.8
Stealth        | 2 4 |  4.1
Transmutations | 1 3 |  3.4
Dodging        | 2 4 |  4.1
Maces & Flails | 1 |  1.2
Air Magic      | 1 2 5 |  5.0
Conjurations   | 1 2 6 |  6.0
Fighting       | 3 |  3.3
Axes           | 3 |  3.2
Spellcasting   | 4 |  4.3

Action                   |  1- 3 |  4- 6 |  7- 9 || total
-------------------------+-------+-------+-------++-------
Melee: Mace              |    36 |    79 |       ||   115
       Touch             |     3 |    16 |       ||    19
       Battleaxe         |       |    52 |    28 ||    80
 Cast: Sting             |    24 |    17 |     4 ||    45
       Poisonous Vapours |     8 |    41 |     8 ||    57
       Mephitic Cloud    |       |     1 |       ||     1
  Use: Scroll            |       |     7 |     4 ||    11
       Potion            |       |     2 |     2 ||     4
 Stab: Sleeping          |     2 |     2 |       ||     4
       Confused          |       |     1 |       ||     1
Armor: Robe              |     7 |    36 |    16 ||    59
       Skin              |       |     3 |       ||     3
Dodge: Dodged            |    22 |    62 |    15 ||    99
